Arrhythmia, chaotic female vampiric Convict --------- ------ ##..(.....| |....| # |..|....| |.`..| ###########0######........| --------------- |.....######---------- # --.-|---- |.............| ---|-- #-...<.....#### # ### #..............| # *##|........|## # # ###|.............| # # #|........-## #%#### # |.............| # ### #----------# # # ### |.............| # # ######### ### ### ### # --------------- # # ### # -.---|---.-- ### # # # ### |..........| # ---.---### # |>eZeF......##### |......# ###|.:@:......| |.....|# #x.Yx:......| |.....|# ------------ |.....|# |......) ------- Arrhythmia the Jail-bird Experience level: 8 Strength: 17 Dexterity: 11 Constitution: 20 Intelligence: 14 Wisdom: 10 Charisma: 6 Health: 0(96) Energy: 43(43) AC: 4 Gold: 528 Moves: 5201 Your Inventory: Coins $ - 528 gold pieces Amulets o - an uncursed elliptic amulet [of magical breathing] Armor D - an [uncursed] +0 hard hat [dwarvish iron helm] (being worn) E - an [uncursed] +0 large round shield [dwarvish roundshield] (being worn) X - an uncursed +0 pair of iron shoes of cold resistance and warning (being worn) Scrolls t - 3 [uncursed] unlabeled scrolls [of blank paper] x - a [cursed] scroll of teleportation y - an uncursed scroll of earth z - a [blessed] unlabeled scroll [of blank paper] Potions Y - a blessed potion of blindness Rings m - an uncursed ring of see invisible u - an uncursed ring of stealth Wands p - an [uncursed] wand of light [0:12] Tools f - an uncursed bag of holding q - an [uncursed] towel Spells known in the end: Name Level Category Fail Memory Your skills at the end: Fighting Skills Weapon Skills sling [Basic / Skilled] Spellcasting Skills Final Attributes: You were nominally aligned. Hunger level was -407. Your alignment was 0 / 36. Monster difficulty range was 0 - 4. Level difficulty was 1. You were immune to cold. You were immune to poison. You were immune to level-drain. You were immune to sickness. You were warned. You could fly. You could survive without air. You regenerated. Your luck was zero. You are dead. Vanquished creatures: 6 watchmen a leprechaun a giant spider a lizard a jaguar a mountain nymph an orc shaman a pony a yellow light a shrieker 5 gnome lords 2 kobold mummies a black naga hatchling 2 ghouls a paper golem 2 little dogs a kitten 10 dwarves a kobold shaman 2 hill orcs 5 rothes a giant bat a monkey a dwarf zombie an iguana 2 coyotes 2 gas spores a hobbit a large kobold 2 yellow molds 40 gnomes 4 geckos 6 jackals a fox a kobold 3 goblins 5 grid bugs 2 lichens a kobold zombie 3 newts 125 creatures vanquished. Voluntary challenges: You left the true Path of Zen. You went without food. You never hit with a wielded weapon. You read items or engraved 6 times. You put on armor 37 times. You never genocided any monsters. You never polymorphed an object. You never changed form. You used no wishes. You abstained from Elbereth's help. You never encountered a bones level. You never used any Sokoban shortcuts. Dungeon overview: The Dungeons of Doom: levels 1 to 4 Level 1 <- You were here an altar to Tymora a long staircase Level 4 stairs to The Gnomish Mines The Gnomish Mines: levels 5 to 8 Level 5 stairs to The Dungeons of Doom Level 8 a delicatessen, a fountain History has recorded: On T:1 you entered the Dungeons of Doom to retrieve the Amulet of Yendor! On T:94 you advanced to experience level 2. On T:315 you reached level 2 of The Dungeons of Doom. On T:550 you advanced to experience level 3. On T:950 you advanced to experience level 4. On T:1327 you reached level 3 of The Dungeons of Doom. On T:1684 you reached level 4 of The Dungeons of Doom. On T:1811 you reached level 1 of The Gnomish Mines. On T:1816 you advanced to experience level 5. On T:1913 you advanced to experience level 6. On T:2065 you reached level 2 of The Gnomish Mines. On T:2392 you advanced to experience level 7. On T:2687 you reached level 3 of The Gnomish Mines. On T:3002 you reached level 4 of The Gnomish Mines. On T:3042 you advanced to experience level 8. Latest messages: The newt misses. [HP-6=13] The monkey hits! The monkey tries to grab your shield but gives up. The monkey bites! The kobold zombie hits! The grid bug just misses! [HP-3=10] The monkey hits! The monkey tries to snatch your unlabeled scrolls but gives up. The monkey bites! The newt bites! The grid bug bites! You get zapped! The iguana bites! The newt bites! [HP-8=2] The monkey hits! The monkey tries to snatch your boots but gives up. The monkey just misses! The kobold zombie hits! You die... The bag of holding is empty. Final status: Goodbye Arrhythmia the Convict... You died in The Dungeons of Doom on dungeon level 1 with 4942 points, and 528 pieces of gold, after 5201 moves. You were level 8 with a maximum of 96 hit points when you died.